 Dungeon Crawl Stone Soup version 0.29-a0-221-gceb61267dd (webtiles) character file.

Game seed: 2291229906920965363

4776 drugrobin the Cleaver (level 10, -2/84 HPs)
             Began as a Demigod Fighter on Feb 27, 2022.
             Slain by a small abomination (15 damage)
             ... on level 7 of the Dungeon.
             The game lasted 00:18:53 (9515 turns).

drugrobin the Cleaver (Demigod Fighter)             Turns: 9515, Time: 00:18:54

Health: -2/84      AC: 15    Str: 29    XL:     10   Next: 3%
Magic:  13/13      EV:  8    Int: 10    God:
Gold:   281        SH:  5    Dex: 13    Spells: 9/9 levels left

rFire   . . .      SeeInvis +   a - +0 war axe
rCold   . . .      Faith    .   c - +0 buckler
rNeg    . . .      Spirit   .   y - +0 chain mail
rPois   .          Reflect  .   M - +0 helmet {SInv}
rElec   .          Harm     .   D - +0 cloak
rCorr   +          Rampage  .   B - +0 pair of gloves
Will    +....                   u - +0 pair of boots
Stlth   ..........              C - amulet of the acrobat
HPRegen 0.00/turn               L - ring of resist corrosion
MPRegen 0.13/turn               (no ring)

@: mighty, sick
A: high MP 1, forlorn, divine attributes
a: no special abilities


You were on level 7 of the Dungeon.
You visited 1 branch of the dungeon, and saw 7 of its levels.

You collected 393 gold pieces.
You spent 112 gold pieces at shops.

Inventory:

Hand Weapons
 a - a +0 war axe (weapon)
 b - a +0 whip of venom
 f - a +0 hand axe
Missiles
 l - 192 stones (quivered)
 o - 3 poisoned darts
Armour
 c - a +0 buckler (worn)
 u - a +0 pair of boots (worn)
 y - a +0 chain mail (worn)
 B - a +0 pair of gloves (worn)
 D - a +0 cloak (worn)
 M - a +0 helmet of see invisible (worn)
Magical Staves
 h - a staff of air
Jewellery
 C - an amulet of the acrobat (around neck)
 L - a ring of resist corrosion (left hand)
Wands
 A - a wand of digging (6)
 G - a wand of acid (2)
 H - a wand of mindburst (15)
Scrolls
 i - 8 scrolls of teleportation {unknown}
 j - 4 scrolls of magic mapping {unknown}
 k - a scroll of amnesia {unknown}
 n - 2 scrolls of blinking {unknown}
 s - 2 scrolls of identify {unknown}
 t - 3 scrolls of silence {unknown}
 v - 3 scrolls of immolation {unknown}
 w - a scroll of acquirement {unknown}
 x - 2 scrolls of enchant weapon {unknown}
 I - a scroll of noise {unknown}
Potions
 d - a potion of might
 e - 3 potions of heal wounds
 g - a potion of degeneration {unknown}
 m - 4 potions of flight {unknown}
 p - a potion of cancellation {unknown}
 q - a potion of ambrosia {unknown}
 r - 3 potions of curing {unknown}
 z - 2 potions of haste {unknown}
 E - a potion of mutation {unknown}
 F - 3 potions of brilliance {unknown}
 J - a potion of attraction {unknown}
 K - a potion of lignification {unknown}
 N - a potion of berserk rage {unknown}


   Skills:
 + Level 6.7 Fighting
 * Level 9.0 Axes
 + Level 6.7 Armour
 + Level 6.8 Shields


You had 9 spell levels left.
You didn't know any spells.
Your spell library contained the following spells:

 Spells                   Type           Power      Damage    Failure   Level
 Summon Small Mammal      Summ           0%         N/A       92%         1
 Call Canine Familiar     Summ           0%         N/A       100%        3
 Stone Arrow              Conj/Erth      0%         3d7       100%        3
 Summon Guardian Golem    Hex/Summ       0%         N/A       100%        3
 Animate Dead             Necr           0%         N/A       100%        4
 Dispel Undead            Necr           0%         3d6       100%        4
 Statue Form              Tmut/Erth      0%         N/A       100%        6


Dungeon Overview and Level Annotations

Branches:
Dungeon (7/15)             Temple (0/1) D:4

Shops:
D:2 *

Portals:
Abyss: D:7


Innate Abilities, Weirdness & Mutations

You have an increased reservoir of magic. (+10% MP)
You shall have no god before yourself.
Your divine heritage dramatically boosts your attributes as you level up.


Message History

The toenail golem hits you but does no damage.
You barely miss the toenail golem. The toenail golem hits you!
* * * LOW HITPOINT WARNING * * *
You barely miss the toenail golem.
The toenail golem hits you but does no damage.
Unknown command.
You hit the toenail golem.
The toenail golem is lightly damaged.
The toenail golem closely misses you.
Unknown command.
You slash the toenail golem!
The toenail golem is moderately damaged.
The toenail golem hits you but does no damage.
Unknown command.
Unknown command.
You barely miss the toenail golem.
The toenail golem is moderately damaged.
The toenail golem hits you but does no damage.
Unknown command.
Unknown command.
You barely miss the toenail golem.
The toenail golem is lightly damaged.
The toenail golem closely misses you.
Unknown command.
You slice the toenail golem!!
The toenail golem is severely damaged.
The toenail golem hits you but does no damage.
The toenail golem closely misses you.
You hit the toenail golem.
The toenail golem is severely damaged.
The toenail golem hits you but does no damage.
Unknown command.
You slice the toenail golem!!
You destroy the toenail golem!
Your Axes skill increases to level 9!
You have reached level 10!
You barely miss the small abomination.
The small abomination closely misses you.
The small abomination hits you!
You die...

..##....####...###..####...
.....#.................#......
.....'.................#......
.....#.................#......
.....#......††.........#......
.......................#......
............©.........#......
#.......####.......#......
###...###@.#...#...###....
#..##∩x###...#...###....
####..# #............... .)..#
##.......†...... ##..#
##............. ...[.
#..#............. ..###.
#.##.....####.### ## ©##.#
#......# ... .. #...#..# ...


You could see a small abomination.

Vanquished Creatures
  The ghost of ParaBellum the Skirmisher, a novice HuCA of Ignis (D:7)
  Pikel (D:5)
  A toenail golem (D:7)
  An ancient zyme (D:7)
  Grinder (D:2)
  Prince Ribbit (D:7)
  2 small abominations (D:7)
  A water moccasin (D:6)
  Duvessa (D:4)
  2 ice beasts
  2 sky beasts
  2 ogres (D:5)
  A black bear (D:6)
  A centaur (D:3)
  5 phantoms
  A kobold brigand (D:7)
  2 scorpions
  Dowan (D:4)
  The ghost of Snarg the Shooter, a weakling DgWn (D:3)
  An electric eel (D:6)
  4 howler monkeys
  4 hounds
  3 jellies
  An orc priest (D:6)
  Ijyb (D:3)
  Terence (D:2)
  5 iguanas
  2 orc wizards
  Natasha (thrice) (D:3)
  Robin (D:4)
  16 gnolls
  7 adders
  A white imp (D:5)
  An ufetubus (D:6)
  5 worms
  2 dart slugs
  10 orcs
  4 bats
  8 endoplasms
  3 giant cockroaches
  15 goblins
  11 hobgoblins
  9 jackals
  5 quokkas
  9 ball pythons
  7 frilled lizards
  8 kobolds
  2 rats
177 creatures vanquished.

Vanquished Creatures (others)
  A fungus (D:2)
  2 plants (D:2)
3 creatures vanquished.

Grand Total: 180 creatures vanquished

Notes
Turn   | Place    | Note
-------+----------+-------------------------------------------
     0 | D:1      | drugrobin the Demigod Fighter began the quest for the Orb.
     0 | D:1      | Reached XP level 1. HP: 18/18 MP: 3/3
    44 | D:1      | Reached skill level 2 in Axes
    79 | D:1      | Reached XP level 2. HP: 22/25 MP: 4/4
  1054 | D:2      | Reached XP level 3. HP: 23/31 MP: 5/5
  1113 | D:2      | Found Ygeid's Assorted Antiques.
  1155 | D:2      | Noticed Terence
  1162 | D:2      | Killed Terence
  1602 | D:2      | Reached XP level 4. HP: 38/38 MP: 6/6
  1636 | D:2      | Reached skill level 3 in Axes
  2148 | D:2      | Bought a scroll labelled XESSES JYL for 23 gold pieces
  2148 | D:2      | Bought a scroll labelled VAM PAKORA for 23 gold pieces
  2148 | D:2      | Bought a scroll labelled SULUOTH XIONU for 23 gold pieces
  2148 | D:2      | Bought a scroll labelled YMAGO CADWALOL for 23 gold pieces
  2148 | D:2      | Bought a sapphire potion for 20 gold pieces
  2221 | D:3      | Noticed a centaur
  2419 | D:3      | Killed a centaur
  2420 | D:3      | Reached XP level 5. HP: 15/45 MP: 7/7
  2983 | D:3      | Found a runed translucent door.
  3001 | D:3      | Noticed Grinder
  3008 | D:3      | Paralysed by Grinder for 3 turns
  3049 | D:3      | Noticed Natasha
  3064 | D:3      | Killed Natasha
  3096 | D:3      | Noticed Natasha
  3100 | D:3      | Killed Natasha
  3101 | D:3      | Reached skill level 4 in Axes
  3223 | D:2      | Killed Grinder
  3224 | D:2      | Reached XP level 6. HP: 35/52 MP: 8/8
  3329 | D:3      | Noticed Ijyb
  3351 | D:3      | Killed Ijyb
  4088 | D:3      | Noticed Snarg's ghost (weakling DgWn)
  4112 | D:3      | Noticed Natasha
  4117 | D:3      | Killed Natasha
  4192 | D:3      | Reached XP level 7. HP: 59/59 MP: 9/9
  4213 | D:3      | Killed Snarg's ghost
  4313 | D:4      | Noticed Robin
  4344 | D:3      | Reached skill level 5 in Axes
  4501 | D:4      | Killed Robin
  5166 | D:4      | Found a staircase to the Ecumenical Temple.
  6158 | D:5      | Entered Level 5 of the Dungeon
  6158 | D:5      | Noticed Duvessa
  6158 | D:5      | Noticed Dowan
  6181 | D:4      | Killed Duvessa
  6197 | D:4      | Killed Dowan
  6434 | D:5      | Reached XP level 8. HP: 67/67 MP: 10/10
  6519 | D:5      | Reached skill level 6 in Axes
  6534 | D:5      | Reached skill level 5 in Shields
  6723 | D:5      | Reached skill level 5 in Fighting
  6953 | D:5      | Reached skill level 5 in Armour
  7055 | D:5      | Noticed Pikel
  7084 | D:5      | Killed Pikel
  7093 | D:5      | Reached skill level 7 in Axes
  7603 | D:5      | Reached XP level 9. HP: 37/75 MP: 11/11
  8409 | D:6      | Got the Almanac of the Final Visionaries
  8779 | D:6      | Reached skill level 8 in Axes
  9263 | D:7      | Noticed Prince Ribbit
  9273 | D:7      | Killed Prince Ribbit
  9422 | D:7      | Found a transporter.
  9455 | D:7      | Noticed ParaBellum's ghost (novice HuCA)
  9455 | D:7      | Noticed a toenail golem
  9484 | D:7      | Noticed an ancient zyme
  9484 | D:7      | Found a one-way gate to the infinite horrors of the Abyss.
  9499 | D:7      | Killed ParaBellum's ghost
  9502 | D:7      | Killed an ancient zyme
  9514 | D:7      | Killed a toenail golem
  9515 | D:7      | Reached skill level 9 in Axes
  9515 | D:7      | Reached XP level 10. HP: 13/84 MP: 13/13
  9515 | D:7      | Slain by a small abomination

Illustrated notes

Levels and vault maps discovered:
D:1:      lightli_arrival_lavapool, layout_rooms
D:2:      layout_rooms, dreamdust_ecumenical_altar_grove, serial_shops, shop,
          uniq_terence
D:3:      layout_basic, bloody_makhleb, ebering_ghost_sewer_d,
          kennysheep_nondescript, minmay_joined_circles, uniq_grinder,
          uniq_ijyb, uniq_natasha
D:4:      layout_basic, minmay_temple_entry_statues_fountains, uniq_robin
D:5:      kennysheep_six_static_rooms, layout_layer_cave, uniq_duvessa,
          uniq_pikel
D:6:      layout_cave_pools, nicolae_uskayaw_murder_on_the_dancefloor,
          mainiacjoe_overflow_alcove_2, cheibrodos_sewer_entry_bend,
          grunt_decor_mini_mirrors, kennysheep_diamond,
          chequers_serial_rivers_micro_e, hellmonk_bongcloud_opening,
          chequers_serial_rivers_small_a
D:7:      layout_gridville, kennysheep_slug_shrine, old_standard_altar,
          gammafunk_ghost_abyssal_escape, uniq_prince_ribbit1

Skill      XL: |  1  2  3  4  5  6  7  8  9 |
---------------+----------------------------+-----
Axes           | 2 3 4 5 7 9 |  9.0
Shields        | 3 4 5 6 |  6.8
Fighting       | 3 4 5 6 |  6.7
Armour         | 3 4 5 6 |  6.7

Action                   |  1- 3 |  4- 6 |  7- 9 | 10-12 || total
-------------------------+-------+-------+-------+-------++-------
Melee: War axe           |    83 |    72 |   365 |     1 ||   521
       Whip              |       |    85 |    70 |       ||   155
Throw: Dart              |     3 |       |     5 |       ||     8
       Stone             |       |       |    15 |       ||    15
  Use: Potion            |       |       |     2 |       ||     2
Armor: Scale mail        |    39 |     2 |       |       ||    41
       Chain mail        |       |    81 |   232 |       ||   313
Dodge: Dodged            |    33 |    46 |   140 |     1 ||   220
Block: Buckler           |    14 |    37 |    99 |       ||   150

Table legend: (Time is in decaauts)
 A = Elapsed time spent in this place.
 B = Non-inter-level travel time spent in this place.
 C = Inter-level travel time spent in this place.
 D = Time resting spent in this place.
 E = Time spent auto-exploring this place.
 F = Levels seen in this place.
 G = Mean time per level.
                   A        B        C        D        E       F      G
               +--------+--------+--------+--------+--------+-----+--------+
         Total |   9676 |   9235 |    441 |   1720 |   5075 |   7 | 1382.3 |
       Dungeon |   9676 |   9235 |    441 |   1720 |   5075 |   7 | 1382.3 |
               +--------+--------+--------+--------+--------+-----+--------+

Top non-repeatable levels by time:
     D:4: 1946 daAuts
     D:5: 1845 daAuts
     D:3: 1828 daAuts
     D:1: 1473 daAuts
     D:2: 1282 daAuts
     D:6: 1030 daAuts
     D:7: 268 daAuts
